 Dungeon Crawl Stone Soup version 0.29-a0-483-g69413ace17 (console) character file.

Game seed: 8092433490548344325

90 vesna the Skirmisher (level 4, -5/37 HPs)
             Began as a Vampire Wanderer on May 25, 2022.
             Was an Initiate of Gozag.
             Slain by an orc
             ... wielding a +0 morningstar
              (9 damage)
             ... on level 2 of the Dungeon.
             The game lasted 00:04:15 (2416 turns).

vesna the Skirmisher (Vampire Wanderer)             Turns: 2416, Time: 00:04:16

Health: -5/37      AC: 11    Str: 13    XL:     4   Next: 32%
Magic:  5/5        EV:  3    Int: 15    God:    Gozag
Gold:   202        SH:  0    Dex: 12    Spells: 5/5 levels left

rFire   . . .      SeeInvis +   r - +2 short sword (elec)
rCold   . . .      Faith    .   (no shield)
rNeg    . . .      Spirit   .   l - +0 plate armour
rPois   .          Reflect  .   (no helmet)
rElec   .          Harm     .   b - +0 cloak
rCorr   .          Rampage  .   (no gloves)
Will    .....                   (no boots)
Stlth   ..........              (no amulet)
HPRegen 0.32/turn               (no ring)
MPRegen 0.09/turn               (no ring)

@: healing quickly
A: alive, fangs 3, see invisible, vampiric 2
a: Exsanguinate, Renounce Religion, Potion Petition, Call Merchant, Bribe Branch


You were on level 2 of the Dungeon.
You worshipped Gozag.
Gozag was aware of your devotion.
You visited 1 branch of the dungeon, and saw 3 of its levels.

You collected 202 gold pieces.

Inventory:

Hand Weapons
 a - a +0 dagger
 r - a +2 short sword of electrocution (weapon)
Armour
 b - a +0 cloak (worn)
 d - a +0 robe
 l - a +0 plate armour (worn)
Jewellery
 k - a +6 ring of intelligence
Scrolls
 c - a scroll of fear
 g - 6 scrolls of identify {unknown}
 j - a scroll of acquirement {unknown}
 n - a scroll of vulnerability {unknown}
 q - a scroll of magic mapping {unknown}
Potions
 e - a potion of lignification
 f - 2 potions of flight {unknown}
 h - a potion of curing {unknown}
 i - a potion of attraction {unknown}
 m - a potion of heal wounds {unknown}
 o - a potion of degeneration {unknown}
 p - a potion of invisibility {unknown}


   Skills:
 + Level 3.8 Fighting
 + Level 0.3 Long Blades
 - Level 1.0 Armour
 - Level 2.1 Dodging
 - Level 2.1 Unarmed Combat
 - Level 1.0 Spellcasting
 - Level 3.2 Transmutations


You had 5 spell levels left.
You didn't know any spells.
Your spell library contained the following spells:

 Spells                   Type           Power      Damage    Failure   Level
 Beastly Appendage        Tmut           20%        N/A       100%        1
 Sting                    Tmut/Pois      20%        1d4       100%        1
 Spider Form              Tmut/Pois      5%         N/A       100%        3


Dungeon Overview and Level Annotations

Branches:
Dungeon (3/15)

Altars:
Gozag
Okawaru

Annotations:
D:2 1 runed translucent door, Crazy Yiuf


Innate Abilities, Weirdness & Mutations

Your natural rate of healing is accelerated.
You have razor-sharp teeth.
You have supernaturally acute eyesight. (SInv)
You are afflicted with vampirism and can become a bat while bloodless.


Message History

Could not explore, unopened runed door.
Could not explore, unopened runed door.
There is a stone staircase leading down here.
You climb downwards.
There is a stone staircase leading up here.
The orc barely misses you.
You climb upwards.
Level annotation: 1 runed translucent door, Crazy Yiuf
There is a stone staircase leading down here.
You hit the orc.
The orc is lightly wounded.
The orc hits you with a +0 morningstar.
You completely miss the orc.
The orc is lightly wounded.
The orc hits you with a +0 morningstar!
You hit the orc but do no damage.
The orc is lightly wounded.
The orc hits you but does no damage.
You barely miss the orc. Your bite misses the orc.
The orc is lightly wounded.
The orc hits you with a +0 morningstar!
You hit the orc but do no damage. You bite the orc.
The orc is heavily wounded.
The orc hits you but does no damage.
You closely miss the orc.
The orc is heavily wounded.
The orc hits you with a +0 morningstar!
* * * LOW HITPOINT WARNING * * *
You completely miss the orc.
The orc is heavily wounded.
The orc hits you with a +0 morningstar.
* * * LOW HITPOINT WARNING * * *
You hit the orc but do no damage. Your bite misses the orc.
The orc is heavily wounded.
The orc hits you but does no damage.
You hit the orc but do no damage. You bite the orc.
The orc is severely wounded.
The orc hits you but does no damage. The orc hits you with a +0 morningstar!
You die...
Your body crumbles into a pile of gold.

##### #...# #####
#@..### #..)#
#.o...############
#...#
#.................
...
#.....#.##########
#+#
#...###.#.[.......
♣♣.♣ #...#
#........... ♣.♣♣
##.## #.#.####....
♣♣.♣ #.#
#.#.##...... ♣.♣♣
#.# #...........


You could see an orc.

Vanquished Creatures
  An adder (D:2)
  2 worms (D:2)
  7 dart slugs
  3 orcs (D:3)
  4 ball pythons
  5 bats
  8 endoplasms
  A giant cockroach (D:1)
  4 goblins
  2 hobgoblins
  4 jackals (D:1)
  5 quokkas
  A frilled lizard (D:3)
  4 kobolds
  3 rats (D:2)
54 creatures vanquished.

Notes
Turn   | Place    | Note
-------+----------+-------------------------------------------
     0 | D:1      | vesna the Vampire Wanderer began the quest for the Orb.
     0 | D:1      | vesna set off with the following items: a +0 dagger, a +0
                  | cloak, a scroll of fear, a +0 robe, a potion of
                  | lignification; and the following spells available to
                  | memorise: Beastly Appendage, Sting, Spider Form
     0 | D:1      | Reached XP level 1. HP: 15/15 MP: 2/2
   185 | D:1      | Reached XP level 2. HP: 18/22 MP: 3/3
   616 | D:1      | Gained mutation: You are afflicted with vampirism and can
                  | become a bat while bloodless. [Vampire growth]
   616 | D:1      | Reached XP level 3. HP: 28/28 MP: 4/4
   621 | D:1      | Found a faded altar of an unknown god.
   657 | D:1      | Prayed at the altar of an unknown god.
   657 | D:1      | Became a worshipper of Gozag Ym Sagoz the Greedy
  1436 | D:2      | Found an iron altar of Okawaru.
  1624 | D:2      | Reached XP level 4. HP: 32/36 MP: 5/5
  1636 | D:2      | Found a runed translucent door.
  1637 | D:2      | Noticed Crazy Yiuf
  2416 | D:2      | Slain by an orc

Illustrated notes

Levels and vault maps discovered:
D:1:      giann_forest_graveyard, layout_loops_ring, basic_ecumenical_altar
D:2:      layout_loops_ring, basic_altar, kennysheep_path_1, amethyst_killhole,
          uniq_crazy_yiuf_cottage
D:3:      layout_basic, hangedman_decor_lopped, uniq_grinder

Skill      XL: |  1  2  3 |
---------------+----------+-----
Fighting       | 2 3 |  3.8
Long Blades    | |  0.3
Armour         | |  1.0
Dodging        | |  2.1
Unarmed Combat | |  2.1
Spellcasting   | |  1.0
Transmutations | |  3.2

Action                   |  1- 3 |  4- 6 || total
-------------------------+-------+-------++-------
Melee: Dagger            |   236 |    32 ||   268
       Bite              |    30 |     7 ||    37
       Punch             |     4 |       ||     4
       Short sword       |       |    29 ||    29
 Stab: Sleeping          |     1 |       ||     1
Armor: Robe              |     9 |       ||     9
       Plate armour      |   116 |    42 ||   158
Dodge: Dodged            |    51 |    10 ||    61

Table legend: (Time is in decaauts)
 A = Elapsed time spent in this place.
 B = Non-inter-level travel time spent in this place.
 C = Inter-level travel time spent in this place.
 D = Time resting spent in this place.
 E = Time spent auto-exploring this place.
 F = Levels seen in this place.
 G = Mean time per level.
                   A        B        C        D        E       F      G
               +--------+--------+--------+--------+--------+-----+--------+
         Total |   2419 |   2251 |    168 |    352 |   1293 |   3 |  806.3 |
       Dungeon |   2419 |   2251 |    168 |    352 |   1293 |   3 |  806.3 |
               +--------+--------+--------+--------+--------+-----+--------+

Top non-repeatable levels by time:
     D:2: 1203 daAuts
     D:1: 1153 daAuts
     D:3: 62 daAuts
